 Dungeon Crawl Stone Soup version 0.24.0-13-gcf9b3192b9 (webtiles) character file.

Game seed: 8682854786461157043, levelgen mode: deterministic

130 Descartes the Insei (level 5, -1/25 HPs)
             Began as a Vine Stalker Transmuter on Nov 8, 2019.
             Slain by an orc
             ... wielding a +0 mace
              (6 damage)
             ... on level 3 of the Dungeon.
             The game lasted 00:03:09 (2985 turns).

Descartes the Insei (Vine Stalker Transmuter)       Turns: 2985, Time: 00:03:14

Health: -1/25      AC:  4    Str: 14    XL:     5   Next: 13%
Magic:  0/10       EV: 12    Int: 13    God:
Gold:   102        SH:  0    Dex: 14    Spells: 1/9 levels left

rFire    . . .     SeeInvis .   n - +2 dagger (flame)
rCold    . . .     Gourm    .   (no shield)
rNeg     . . .     Faith    .   b - +0 robe
rPois    .         Spirit   +   (no helmet)
rElec    .         Reflect  .   (no cloak)
rCorr    .         Harm     .   p - +0 pair of gloves
MR       .....                  m - +0 pair of boots
Stlth    ++........             (no amulet)
HPRegen  0.48/turn              (no ring)
MPRegen  0.12/turn              (no ring)

@: no status effects
A: fangs 2, regeneration 1, magic shield, antimagic bite, no potion heal 3, rot
immunity
a: no special abilities


You were on level 3 of the Dungeon.
You were not hungry.

You visited 1 branch of the dungeon, and saw 3 of its levels.

You collected 102 gold pieces.

Inventory:

Hand Weapons
 n - a +2 dagger of flaming (weapon)
Missiles
 a - 26 arrows
 c - 11 poisoned darts (quivered)
 i - 82 stones
 l - 19 sling bullets
 t - 22 bolts
Armour
 b - a +0 robe (worn)
 m - a +0 pair of boots (worn)
 p - a +0 pair of gloves (worn)
Scrolls
 e - 2 scrolls of remove curse {unknown}
 k - a scroll of random uselessness {unknown}
 o - a scroll of amnesia {unknown}
 q - 2 scrolls of identify {unknown}
 r - a scroll of fog {unknown}
 u - 2 scrolls of immolation {unknown}
Potions
 f - 2 potions of heal wounds {unknown}
 g - a potion of experience {unknown}
 h - a potion of curing {unknown}
 j - a potion of lignification {unknown}
 s - a potion of haste {unknown}
Comestibles
 d - 4 rations
 v - a chunk of flesh


   Skills:
 + Level 1.5 Fighting
 + Level 1.0 Armour
 + Level 2.0 Dodging
 + Level 1.7 Stealth
 * Level 3.9 Unarmed Combat
 + Level 2.7 Spellcasting
 * Level 2.5 Transmutations


You had one spell level left.
You knew the following spells:

 Your Spells              Type           Power        Failure   Level  Hunger
a - Beastly Appendage     Tmut           #.....       9%          1    #......
b - Sticks to Snakes      Tmut           #.......     13%         2    ###....
c - Blade Hands           Tmut           #.........   93%         5    ######.

Your spell library contained the following spells:

 Spells                   Type           Power        Failure   Level  Hunger
 Spider Form              Tmut/Pois      #.........   38%         3    ###....
 Ice Form                 Ice/Tmut       #.......     80%         4    #####..


Dungeon Overview and Level Annotations

Branches:
Dungeon (3/15)

Altars:
Fedhas


Innate Abilities, Weirdness & Mutations

You have extremely sharp teeth.
Your natural rate of healing is unusually fast.
When hurt, damage is shared between your health and your magic reserves.
Your bite disrupts and absorbs the magic of your enemies.
Potions cannot restore your health.
You are immune to rotting.


Message History

You barely miss the orc wizard.
The orc wizard looks satisfied for a moment.
You closely miss the orc wizard.
You bite the orc wizard, but do no damage.
The orc hits you with a +0 mace.
The orc wizard casts a cantrip, but nothing happens.
You hit the orc wizard. You burn the orc wizard. You bite the orc wizard.
The orc wizard's magic leaks into the air.
You drain its magic.
You feel invigorated.
The orc wizard is lightly wounded.
The orc wizard mumbles some strange words.
The orc wizard seems to speed up.
The orc hits you but does no damage.
You hit the orc wizard. You burn the orc wizard.
You bite the orc wizard, but do no damage.
The orc wizard is moderately wounded.
The orc wizard hits you but does no damage.
Space warps horribly around you!
* * * LOW HITPOINT WARNING * * *
The orc hits you with a +0 mace!
You die...

o##### .....## . .....#
.... ....# ....## .. ...#
........ ..#
#..##.#####.#
#.......@o#.#
#...#....o..#####
#########...#####.......#
.......).......##.#####.#
###.#####...##.##.####
###.# #............##.#
..... #.#.......##.....
###.## #.######........#
######### #...#######


You could see an orc wizard and an orc.

Vanquished Creatures
  A centaur (D:3)
  2 adders
  A worm (D:2)
  A leopard gecko (D:2)
  An orc (D:3)
  4 goblins
  6 hobgoblins
  3 kobolds
  5 bats
  5 frilled lizards
  3 rats (D:1)
32 creatures vanquished.

Notes
Turn   | Place    | Note
-------+----------+-------------------------------------------
     0 | D:1      | Descartes the Vine Stalker Transmuter began the quest for
                  | the Orb.
     0 | D:1      | Reached XP level 1. HP: 9/9 MP: 4/4
    95 | D:1      | Reached skill level 1 in Fighting
   229 | D:1      | Reached XP level 2. HP: 6/14 MP: 4/6
  1816 | D:2      | Reached XP level 3. HP: 18/18 MP: 7/7
  1951 | D:2      | Learned a level 2 spell: Sticks to Snakes
  2118 | D:2      | Reached skill level 1 in Stealth
  2648 | D:3      | Found a blossoming altar of Fedhas.
  2903 | D:3      | Noticed a centaur
  2916 | D:3      | Killed a centaur
  2916 | D:3      | Reached skill level 1 in Armour
  2916 | D:3      | Gained mutation: Your natural rate of healing is unusually
                  | fast. [Vine Stalker growth]
  2916 | D:3      | Reached XP level 4. HP: 9/22 MP: 5/9
  2916 | D:3      | Reached XP level 5. HP: 11/25 MP: 5/10
  2928 | D:3      | Learned a level 5 spell: Blade Hands
  2985 | D:3      | Slain by an orc

Levels and vault maps discovered:
D:1:      dpeg_arrival_water_altar, layout_loops_ring, serial_co_window_serial,
          co_window_paths_a, co_window_paths_a, co_window_corner_a,
          co_window_cross_1, co_window_of_opportunity_a, co_window_cross_1,
          co_window_corner_a, co_window_corner_cb, co_window_corner_ca,
          co_window_unsneaky_path_c, co_window_broadway_c,
          co_window_unsneaky_path_b, co_window_2corner, glass_columns_b,
          glass_columns_a, glass_columns_c, glass_columns_a
D:2:      layout_basic, first_ration
D:3:      layout_loops_cross, fedhas_altar_1, marbit_many_paths,
          nicolae_underground_beach

Skill      XL: |  1  2  3 |
---------------+----------+-----
Fighting       | 1 |  1.5
Stealth        | 1 |  1.7
Armour         | 1 |  1.0
Dodging        | 2 |  2.0
Unarmed Combat | |  3.9
Spellcasting   | |  2.7
Transmutations | |  2.5

Action                   |  1- 3 |  4- 6 || total
-------------------------+-------+-------++-------
Melee: Unarmed           |    50 |       ||    50
       Bite              |    24 |     3 ||    27
       Dagger            |    36 |     4 ||    40
 Stab: Sleeping          |     6 |       ||     6
  Eat: Chunk             |     6 |       ||     6
Armor: Robe              |     7 |     1 ||     8
Dodge: Dodged            |    46 |       ||    46
